 Dungeon Crawl Stone Soup version 0.15-a0-1995-g7e6aeab (webtiles) character file.

235788 FiftyNine the Spry (level 20, -15/162 HPs)
             Began as a Human Wanderer on July 11, 2014.
             Was the Champion of Okawaru.
             Demolished by a vault warden
             ... wielding a +0 long sword of draining
              (25 damage)
             ... on Level 2 of the Vaults.
             The game lasted 06:13:28 (77342 turns).

FiftyNine the Spry (Human Wanderer)                Turns: 77342, Time: 06:13:28

HP -15/162       AC 18     Str 13      XL: 20   Next: 43%
MP  30/30        EV 30     Int 15      God: Okawaru [******]
Gold 2531        SH  0     Dex 19      Spells:  4 memorised, 15 levels left

rFire  . . .     SeeInvis +     a - +7 battleaxe (elec)
rCold  . . .     Clarity  .     B - +2 steam dragon armour
rNeg   . . .     rCorr    .     (no shield)
rPois  .         rRot     .     C - +2 hat {MR+}
rElec  .         Spirit   .     r - +0 cloak
SustAb .         Warding  .     q - +2 pair of gloves
rMut   .         Stasis   .     F - +1 pair of boots
Gourm  +                        k - amulet of the gourmand
MR     ++...                    y - ring of see invisible
                                n - +4 ring of evasion

@: lethally poisoned, exhausted, slowed, drained, very slow, very resistant to
hostile enchantments, unstealthy
A: no striking features
a: Heroism, Finesse, Renounce Religion
}: 1/15 runes: gossamer


You were on level 2 of the Vaults.
You worshipped Okawaru.
Okawaru was exalted by your worship.
You were full.

You visited 5 branches of the dungeon, and saw 34 of its levels.
You visited the Abyss 1 time.
You also visited: Labyrinth and Volcano.

You collected 3715 gold pieces.
You spent 1184 gold pieces at shops.

Inventory:

Hand weapons
 a - a +7 battleaxe of electrocution (weapon)
 b - the +15 crossbow "Sniper" {velocity, SInv}
   (You found it on level 4 of the Lair of Beasts)

   Any bolt fired from it inflicts extra damage.
   It enhances your eyesight.
 T - a +0 blowgun
Missiles
 h - 4 throwing nets (quivered)
 s - 3 curare-tipped needles
 H - 83 bolts of flame
 K - 41 bolts of frost
 N - 441 bolts
Armour
 q - a +2 pair of gloves (worn)
 r - a +0 cloak (worn)
 B - a +2 steam dragon armour (worn)
 C - a +2 hat of magic resistance (worn)
 F - a +1 pair of boots (worn)
Magical devices
 c - a wand of draining (5)
 t - a wand of slowing (10)
 u - a wand of paralysis (15)
 v - a wand of fireball (2)
 E - a wand of cold (4)
 J - a wand of lightning (2)
 Q - a wand of digging (14)
 V - a wand of enslavement (0)
 W - a wand of teleportation (4)
Comestibles
 f - 22 bread rations
 x - 15 meat rations
Scrolls
 d - 4 scrolls of teleportation
 i - 5 scrolls of identify
 o - 10 scrolls of remove curse
 A - a scroll of silence
 G - 3 scrolls of magic mapping
 I - 3 scrolls of fear
 R - 7 scrolls of fog
 X - a scroll of brand weapon
Jewellery
 k - an amulet of the gourmand (around neck)
 n - a +4 ring of evasion (left hand)
 w - an uncursed ring of wizardry
 y - a ring of see invisible (right hand)
Potions
 e - a potion of lignification
 g - 5 potions of resistance
 l - 3 potions of haste
 m - 3 potions of agility
 z - a potion of mutation
 D - 2 potions of invisibility
 L - 2 potions of brilliance
 O - 3 potions of curing
 P - 2 potions of might
 Z - a potion of berserk rage
Books
 Y - a book of Death

   Spells                             Type                      Level
   Corpse Rot                         Necromancy                   2
   Sublimation of Blood               Necromancy                   2
   Agony                              Necromancy                   5
   Dispel Undead                      Necromancy                   5
   Excruciating Wounds                Charms/Necromancy            5
   Bolt of Draining                   Conjuration/Necromancy       5
Miscellaneous
 U - a fan of gales


   Skills:
 - Level 15.2(14.1) Fighting
   Level 2.0(1.2) Short Blades
 - Level 16.1(15.0) Axes
   Level 3.0(2.2) Staves
   Level 1.2(0.4) Slings
   Level 0.2(0.0) Bows
 - Level 14.6(13.5) Crossbows
 + Level 10.7(9.8) Armour
 - Level 17.2(16.1) Dodging
 - Level 1.0(0.2) Stealth
   Level 1.0(0.2) Shields
 - Level 4.3(3.5) Summonings
 - Level 8.0(7.1) Invocations
 - Level 1.0(0.2) Evocations


You had 15 spell levels left.
You knew the following spells:

 Your Spells              Type           Power        Failure   Level  Hunger
a - Animate Skeleton      Necr           N/A          28%         1    ##.....
b - Summon Small Mammal   Summ           ##..         8%          1    ##.....
c - Summon Butterflies    Summ           ##......     8%          1    ##.....
d - Apportation           Tloc           #.........   28%         1    ##.....


Dungeon Overview and Level Annotations

Branches:
Dungeon (15/15)            Temple (0/1) D:7             Orc (4/4) D:9
    Elf (0/3) Orc:3          Lair (8/8) D:10         Shoals (0/5) Lair:4
 Spider (5/5) Lair:5        Slime (0/6) Lair:7       Vaults (2/5) D:14
  Crypt (0/3) Vaults:2     Depths (0/5) D:15

Altars:
Ashenzari
Dithmenos
Gozag
Kikubaaqudgha
Makhleb
Okawaru
Qazlal
Sif Muna
Trog
Xom
The Shining One
Beogh

Shops:
D:7 (   D:12 [   Orc:2 (   Orc:4 }**   Vaults:1 (

Portals:
Hell: Lair:8

Annotations:
D:7 Menkaure


Message History

Evoke which item? (* to show all) (? for menu, Esc to quit)
Okay, then.
Drink which item? (? for menu, Esc to quit)
Okay, then.
Drink which item? (? for menu, Esc to quit)
Okay, then.
Read which item? (? for menu, Esc to quit)
Okay, then.
Drink which item? (? for menu, Esc to quit)
Your magical effects are unravelling.
You feel less woody.
Your +0 cloak unmelds from your body.
Your +2 pair of gloves unmelds from your body.
Your +1 pair of boots unmelds from your body.
Your +2 steam dragon armour unmelds from your body.
You feel sick.
The vault warden blocks your boggart's attack.
The yaktaur hits your orc knight.
The vault warden hits you with a glowing long sword!!
You die...

####### .. ..#......
... ...#...... #..)#
#...'...... #.J). ...
#...... #..g###
##T..##......
#J.(..###.TT..##......
#..Jgsop....# #......
#JJ@ggo...# #......
###popo.### #......
##cJ'#########'###
#....)(..#.....#
#.c...)))#.....#
#..####..#..#..#
..+... #..#..#..#
..#... #..#..#..# ####
#..#..#..#


You could see a vault warden, an ironheart preserver, 2 deep trolls, a deep
troll earth mage, 2 yaktaurs, a friendly orc knight, 6 friendly slime creatures,
a friendly wolf spider, a friendly vault sentinel, a friendly orc sorcerer, a
friendly orc warrior (frenzied), 4 friendly boggarts and a friendly orc
(frenzied).

Vanquished Creatures
  A tentacled monstrosity (Abyss:1)
  An ancient champion (Vaults:2)
  A frost giant (Vaults:2)
  7 ghost moths
  Maud (D:15)
  2 vault wardens (Vaults:2)
  A deep elf sorcerer (Vaults:1)
  Gastronok (D:8)
  4 emperor scorpions
  A deep elf demonologist (Vaults:2)
  4 stone giants (Vaults:2)
  A deep elf annihilator (Vaults:1)
  A dire elephant (Lair:8)
  Azrael (Spider:1)
  2 deep elf death magi (Vaults:2)
  Snorg (D:14)
  A minotaur (Lab)
  A fire dragon (D:15)
  11 ironheart preservers
  5 vault guards (D:14)
  A great orb of eyes (Vaults:1)
  2 yaktaur captains
  2 ice dragons
  Harold (Lair:4)
  The ghost of lennard the Unseen, a powerful SpAs of Zin (Lair:8)
  Erica (Lair:5)
  A rakshasa (D:14)
  10 hydras
  7 ogre magi
  An orc high priest (Orc:3)
  3 centaur warriors
  Nergalle (Lair:4)
  A sun demon (Lair:8)
  A fire crab (shapeshifter) (Vaults:1)
  3 deep elf knights
  3 very ugly things
  2 catoblepae
  A wretched star (Abyss:1)
  3 skeletal warriors (Vaults:1)
  6 unseen horrors
  An unseen horror (shapeshifter) (Vaults:1)
  A giant orange brain (Vaults:1)
  18 orb spiders
  16 orc knights
  2 deep elf summoners
  4 ironbrand convokers
  2 deep elf conjurers
  3 harpies (Vaults:1)
  9 red wasps
  Pikel (D:8)
  45 wolf spiders
  13 hill giants
  3 wizards
  An orc sorcerer (D:14)
  2 necromancers
  9 cyclopes
  6 griffons
  A manticore (D:14)
  6 black mambas
  4 moths of wrath
  An elephant (shapeshifter) (Vaults:2)
  A guardian serpent (shapeshifter) (Vaults:1)
  22 spiny frogs
  7 elephants
  2 vault sentinels (Vaults:2)
  7 torpor snails
  2 smoke demons
  A feature mimic (Orc:4)
  A gargoyle (D:14)
  A queen ant (D:11)
  An orange demon (Lair:8)
  14 komodo dragons
  11 yaktaurs
  14 blink frogs
  An efreet (D:15)
  4 fire drakes
  A yaktaur (shapeshifter) (Vaults:1)
  22 demonic crawlers
  A tengu conjurer (D:14)
  3 deep elf priests
  2 hellwings
  2 freezing wraiths
  An ancient zyme (Abyss:1)
  38 jumping spiders
  A troll (D:9)
  4 blue devils (Lair:8)
  Sonja (D:11)
  A slime creature (Vaults:1)
  A human simulacrum (Vaults:1)
  Prince Ribbit (Orc:1)
  7 boulder beetles
  7 basilisks
  32 trapdoor spiders
  A formicid (shapeshifter) (Vaults:2)
  17 two-headed ogres
  25 tarantellas
  An ugly thing zombie (Vaults:1)
  4 deep elf magi
  3 shadows
  58 yaks
  65 redbacks
  A hill giant zombie (D:14)
  A vampire (D:15)
  2 ynoxinuls (Abyss:1)
  A fire bat (shapeshifter) (D:15)
  Eustachio (D:6)
  3 fire elementals (Spider:1)
  3 wyverns
  45 ugly things
  2 wraiths
  12 hippogriffs
  10 deep elf fighters
  8 vampire mosquitoes
  A human (D:14)
  3 hungry ghosts
  2 chaos spawn
  5 wargs
  A yaktaur simulacrum (Vaults:2)
  An ugly thing skeleton (D:15)
  A hill giant skeleton (D:14)
  A human (shapeshifter) (Vaults:1)
  A wolf (Lair:7)
  A human zombie (D:12)
  A mottled dragon (Lair:6)
  18 water moccasins
  A naga (shapeshifter) (D:14)
  11 soldier ants
  2 yellow wasps
  10 porcupines
  2 small abominations (Abyss:1)
  5 hell hounds
  44 spiders
  2 necrophages
  44 orc warriors
  A black bear (D:8)
  2 sky beasts
  22 ogres
  3 phantoms
  8 ice beasts
  19 centaurs
  14 crocodiles
  4 boring beetles
  3 big kobolds
  26 giant frogs
  A tengu simulacrum (D:15)
  A komodo dragon skeleton (D:14)
  4 insubstantial wisps (Abyss:1)
  10 scorpions
  An eye of draining (D:9)
  An eye of draining (shapeshifter) (Vaults:1)
  An elf simulacrum (Vaults:1)
  10 killer bees
  A troll skeleton (D:9)
  2 electric eels
  4 wights (D:6)
  2 vampire bats (Orc:4)
  2 hippogriff skeletons (D:9)
  7 crimson imps
  2 centaur zombies
  An elf zombie (D:13)
  9 goliath beetles
  10 iguanas
  3 quasits
  29 orc priests
  3 jellies
  23 orc wizards
  A giant frog skeleton (D:13)
  8 hounds
  3 centaur skeletons
  39 worker ants
  Natasha (thrice) (D:6)
  11 orange rats (Lair:3)
  6 sheep
  Ijyb (D:2)
  An ogre zombie (D:6)
  Terence (D:2)
  A mummy (D:12)
  78 green rats
  32 adders
  4 gnolls
  An inept feature mimic (D:4)
  3 shadow imps
  11 worms
  A giant mite (D:2)
  2 ufetubi
  8 giant geckos
  5 oozes
  205 orcs
  7 ball pythons
  A bat zombie (D:6)
  10 giant cockroaches
  25 goblins
  29 hobgoblins
  37 kobolds
  13 quokkas
  24 bats
  10 giant newts
  8 jackals
  An orc skeleton (D:6)
  A quokka skeleton (D:9)
  33 rats
  4 spectral orcs (Lair:4)
  2 ballistomycetes (D:15)
  10 fungi
  A plant (Lair:4)
1751 creatures vanquished.

Vanquished Creatures (collateral kills)
  A red devil (Lair:8)
  A jumping spider (Spider:5)
  A blink frog (Lair:2)
  4 yaks (Lair:1)
  A soldier ant (D:11)
  A giant spore (D:15)
9 creatures vanquished.

Vanquished Creatures (others)
  A spiny frog (Lair:1)
  A demonic crawler (Spider:2)
  2 two-headed ogres (Vaults:1)
  An air elemental (Spider:5)
  A yak (D:8)
  A hippogriff (Lair:1)
  A lost soul (Vaults:2)
  An ice beast (Vaults:2)
  An iguana (Lair:1)
  A centaur skeleton (Orc:4)
  An orc priest (Orc:4)
  An adder (Lair:1)
  3 orcs (Orc:4)
  2 bats
  A hobgoblin (D:8)
  A giant spore (D:13)
  A goblin (Orc:4)
  An orc skeleton (Orc:4)
  3 rats (D:11)
  10 fungi
  6 plants
41 creatures vanquished.

Grand Total: 1801 creatures vanquished

Notes
Turn   | Place    | Note
--------------------------------------------------------------
     0 | D:1      | FiftyNine, the Human Wanderer, began the quest for the Orb.
     0 | D:1      | Reached XP level 1. HP: 16/16 MP: 1/1
   156 | D:1      | Reached XP level 2. HP: 17/23 MP: 2/2
   533 | D:1      | Reached XP level 3. HP: 26/29 MP: 3/3
   932 | D:2      | Found a stormy altar of Qazlal.
  1096 | D:2      | Reached skill level 4 in Fighting
  1096 | D:2      | Reached XP level 4. HP: 23/37 MP: 4/4
  2358 | D:2      | Reached XP level 5. HP: 38/43 MP: 5/5
  2599 | D:2      | Reached skill level 5 in Fighting
  3103 | D:2      | Noticed Terence
  3390 | D:2      | Reached XP level 6. HP: 49/52 MP: 7/7
  3473 | D:2      | Noticed Ijyb
  3506 | D:2      | Killed Ijyb
  3617 | D:2      | Reached skill level 6 in Fighting
  3707 | D:2      | Killed Terence
  4257 | D:2      | Found a stormy altar of Qazlal.
  5532 | D:3      | Reached XP level 7. HP: 59/59 MP: 8/8
  5622 | D:4      | Reached skill level 7 in Fighting
  5847 | D:4      | Found an ancient bone altar of Kikubaaqudgha.
  5850 | D:4      | Found an opulent altar of Gozag.
  5853 | D:4      | Found a shimmering altar of Xom.
  6751 | D:5      | Entered Level 5 of the Dungeon
  7197 | D:5      | Reached skill level 8 in Fighting
  7897 | D:6      | Noticed Natasha
  7905 | D:6      | Killed Natasha
  7905 | D:6      | Reached skill level 1 in Dodging
  8059 | D:6      | Noticed Natasha
  8369 | D:5      | Reached XP level 8. HP: 51/68 MP: 9/9
  8494 | D:6      | Killed Natasha
  8615 | D:6      | Noticed Natasha
  8617 | D:6      | Killed Natasha
  8973 | D:6      | Reached skill level 5 in Dodging
  9195 | D:6      | Noticed Eustachio
  9219 | D:6      | Killed Eustachio
  9459 | D:5      | Reached XP level 9. HP: 55/74 MP: 10/10
 10107 | D:6      | Found an iron altar of Okawaru.
 10107 | D:6      | Found a bloodstained altar of Trog.
 10119 | D:6      | Became a worshipper of Warmaster Okawaru
 10360 | D:7      | Found Thruruj's Antique Weapon Emporium.
 10363 | D:7      | Bought a runed battleaxe for 201 gold pieces
 10365 | D:7      | Bought a glowing trident for 108 gold pieces
 10678 | D:7      | Found a staircase to the Ecumenical Temple.
 10763 | D:7      | Reached skill level 1 in Axes
 11175 | D:7      | Noticed a moth of wrath
 11177 | D:7      | Found a bloodstained altar of Trog.
 11263 | D:7      | Noticed Menkaure
 11750 | D:8      | Noticed Pikel
 11764 | D:8      | Killed Pikel
 11764 | D:8      | Acquired Okawaru's first power
 11764 | D:8      | Reached skill level 5 in Axes
 12178 | D:8      | Reached XP level 10. HP: 73/80 MP: 11/11
 12811 | D:8      | Noticed Gastronok
 12881 | D:8      | Killed Gastronok
 12881 | D:8      | Reached skill level 9 in Axes
 12881 | D:8      | Reached skill level 1 in Slings
 13871 | D:9      | Found a staircase to the Orcish Mines.
 13969 | D:9      | Reached skill level 10 in Axes
 14042 | D:9      | Reached skill level 1 in Invocations
 15116 | D:9      | Reached XP level 11. HP: 86/86 MP: 15/17
 15605 | D:9      | Reached skill level 5 in Invocations
 16066 | D:10     | Entered Level 10 of the Dungeon
 16455 | D:10     | Noticed a hill giant
 16799 | D:10     | Found a staircase to the Lair.
 17072 | D:10     | Got a distressingly furry ring mail
 17085 | D:10     | Identified the cursed +2 ring mail "Skezxi" {SInv} (You found it on level 10 of the Dungeon)
 17268 | D:10     | Killed a hill giant
 17318 | D:10     | Noticed a hill giant
 17329 | D:10     | Killed a hill giant
 17329 | D:10     | Reached skill level 10 in Fighting
 17369 | Lair:1   | Entered Level 1 of the Lair of Beasts
 17890 | Lair:1   | Acquired Okawaru's second power
 17899 | Lair:1   | Reached skill level 11 in Fighting
 17899 | Lair:1   | Reached XP level 12. HP: 72/100 MP: 22/22
 19237 | Lair:2   | Reached skill level 1 in Armour
 19673 | Lair:2   | Noticed a six-headed hydra
 19701 | Lair:2   | Killed a six-headed hydra
 19787 | Lair:2   | Reached skill level 5 in Armour
 20306 | Lair:2   | Received a gift from Okawaru
 20802 | Lair:2   | Noticed a seven-headed hydra
 22583 | Lair:3   | Reached XP level 13. HP: 99/106 MP: 25/25
 23215 | Lair:4   | Found a labyrinth entrance.
 23247 | Lab      | Entered a labyrinth
 24306 | Lab      | Got a steaming flail
 24506 | Lab      | Noticed a minotaur
 24530 | Lab      | Killed a minotaur
 24530 | Lab      | Reached skill level 10 in Armour
 24949 | Lair:1   | Identified a +2 rod of clouds (12/12) (You took it off a minotaur in a labyrinth)
 25814 | Lair:4   | Reached skill level 1 in Crossbows
 26012 | Lair:4   | Noticed Harold
 26029 | Lair:4   | Killed Harold
 26471 | Lair:4   | Received a gift from Okawaru
 26651 | Lair:4   | Reached skill level 5 in Crossbows
 27018 | Lair:4   | Noticed Nergalle
 27155 | Lair:3   | Received a gift from Okawaru
 27804 | Lair:4   | Found a staircase to the Shoals.
 28388 | Lair:4   | Killed Nergalle
 28872 | Lair:5   | Found a dark tunnel.
 28880 | Volcano  | Entered a volcano
 28910 | Volcano  | Identified a scroll of acquirement
 29617 | Lair:5   | Noticed Erica
 29659 | Lair:5   | Killed Erica
 30113 | Lair:5   | Found a hole to the Spider Nest.
 30285 | Lair:5   | Reached XP level 14. HP: 109/113 MP: 25/25
 30982 | Lair:6   | Received a gift from Okawaru
 31148 | Lair:6   | Got a warped leather armour
 31159 | Lair:6   | Identified the -1 leather armour of the Accordion {Dex+2 Int-3} (You found it on level 6 of the Lair of Beasts)
 31247 | Lair:6   | Reached skill level 10 in Crossbows
 31315 | Lair:6   | Found a glowing golden altar of the Shining One.
 32323 | Lair:7   | Reached skill level 12 in Fighting
 32743 | Lair:7   | Found a staircase to the Slime Pits.
 33210 | Lair:7   | Received a gift from Okawaru
 33900 | Lair:7   | Reached skill level 13 in Fighting
 34920 | Lair:8   | Entered Level 8 of the Lair of Beasts
 35189 | Lair:8   | Noticed lennard's ghost (powerful SpAs)
 35195 | Lair:8   | Killed lennard's ghost
 35948 | Lair:8   | Reached skill level 14 in Fighting
 36711 | Lair:8   | Reached XP level 15. HP: 126/126 MP: 26/26
 37094 | Lair:8   | Received a gift from Okawaru
 37548 | Lair:8   | Found a burning altar of Makhleb.
 37830 | Lair:8   | Received a gift from Okawaru
 37855 | Lair:8   | Reached skill level 15 in Fighting
 38396 | Lair:8   | Found a gateway to Hell.
 38845 | D:11     | Noticed Sonja
 38847 | D:11     | Killed Sonja
 38847 | D:11     | Received a gift from Okawaru
 39014 | Lair:1   | Learned a level 1 spell: Animate Skeleton
 39016 | Lair:1   | Learned a level 1 spell: Summon Small Mammal
 39270 | D:11     | Reached skill level 1 in Summonings
 39439 | D:11     | Found a deep blue altar of Sif Muna.
 40751 | D:12     | Found Kusihuar's Armour Emporium.
 42668 | D:14     | Found a shattered altar of Ashenzari.
 43313 | D:14     | Found a gate to the Vaults.
 43444 | D:14     | Reached XP level 16. HP: 136/136 MP: 27/27
 43545 | D:14     | Noticed Snorg
 43886 | D:14     | Killed Snorg
 43987 | D:14     | Received a gift from Okawaru
 44578 | D:15     | Entered Level 15 of the Dungeon
 44728 | D:15     | Noticed Maud
 44812 | D:15     | Found a bloodstained altar of Trog.
 45707 | D:15     | Found a shadowy altar of Dithmenos.
 45880 | D:15     | Killed Maud
 46117 | D:15     | Found a staircase to the Depths.
 46514 | Orc:1    | Entered Level 1 of the Orcish Mines
 46578 | Orc:1    | Found a roughly hewn altar of Beogh.
 46606 | Orc:1    | Noticed Prince Ribbit
 46618 | Orc:1    | Killed Prince Ribbit
 47032 | Orc:2    | Found Zuizuox's Antique Weapon Emporium.
 48309 | Orc:3    | Found a staircase to the Elven Halls.
 48873 | Orc:4    | Entered Level 4 of the Orcish Mines
 49731 | Orc:4    | Reached skill level 15 in Axes
 50339 | Orc:4    | Found Cuiby's General Store.
 50339 | Orc:4    | Found Ihapnox's Gadget Shoppe.
 50344 | Orc:4    | Found Mianuak's General Store.
 50346 | Orc:4    | Found Qoboziy's General Store.
 50354 | Orc:4    | Bought a scroll of enchant weapon for 75 gold pieces
 50357 | Orc:4    | Qoboziy's General Store was a mimic.
 51196 | Orc:4    | Bought a book of Beasts for 605 gold pieces
 51199 | Orc:4    | Learned a level 1 spell: Summon Butterflies
 51498 | Spider:1 | Entered Level 1 of the Spider Nest
 51865 | Spider:1 | Received a gift from Okawaru
 52265 | Spider:1 | Received a gift from Okawaru
 53236 | Spider:1 | Reached XP level 17. HP: 123/142 MP: 28/28
 53581 | Spider:1 | Noticed Azrael
 53826 | Spider:1 | Received a gift from Okawaru
 53836 | Spider:1 | Reached skill level 16 in Axes
 54562 | Spider:1 | Received a gift from Okawaru
 54858 | Spider:1 | Killed Azrael
 56280 | Spider:2 | Received a gift from Okawaru
 60814 | Spider:3 | Received a gift from Okawaru
 61290 | Spider:3 | Received a gift from Okawaru
 62866 | Spider:4 | Received a gift from Okawaru
 62866 | Spider:4 | Reached XP level 18. HP: 137/149 MP: 0/29
 64751 | Spider:5 | Entered Level 5 of the Spider Nest
 67297 | Spider:5 | Reached skill level 10 in Dodging
 68410 | Spider:5 | Got a bloodstained ring mail
 68423 | Spider:5 | Identified the cursed -5 ring mail "Kinly" {Dex-3} (You found it on level 5 of the Spider Nest)
 69603 | Spider:5 | Received a gift from Okawaru
 70045 | Spider:5 | Got a gossamer rune of Zot
 70899 | Lair:1   | Learned a level 1 spell: Apportation
 70994 | D:12     | Received a gift from Okawaru
 71117 | Vaults:1 | Entered Level 1 of the Vaults
 71518 | Vaults:1 | Reached XP level 19. HP: 155/155 MP: 29/29
 71520 | Vaults:1 | Found Kaeqipt's Antique Weapon Shop.
 71530 | Vaults:1 | Received a gift from Okawaru
 71541 | Vaults:1 | Bought a glowing battleaxe for 195 gold pieces
 73931 | Vaults:2 | Received a gift from Okawaru
 74099 | Vaults:2 | Received a gift from Okawaru
 74099 | Vaults:2 | Reached skill level 15 in Dodging
 74105 | Vaults:2 | Paralysed by a red wasp for 3 turns
 74949 | Vaults:2 | Noticed a Hell Sentinel
 75256 | Vaults:2 | Cast into the Abyss (deep elf demonologist)
 75314 | Abyss:1  | Noticed a tentacled monstrosity
 75333 | Abyss:1  | Killed a tentacled monstrosity
 75611 | Abyss:1  | Received a gift from Okawaru
 75612 | Abyss:1  | Got a faintly glowing quarterstaff {god gift}
 75868 | Abyss:1  | Reached XP level 20. HP: 126/162 MP: 28/30
 75918 | Abyss:1  | Noticed a bone dragon
 75985 | Vaults:2 | Escaped the Abyss
 76725 | Vaults:2 | Found a staircase to the Crypt.
 76981 | Vaults:2 | Reached skill level 17 in Dodging
 77309 | Vaults:2 | Paralysed by a red wasp for 4 turns
 77318 | Vaults:2 | HP: 1/162 [deep elf death mage/bolt of negative energy[an ironheart preserver] (40)]
 77342 | Vaults:2 | Demolished by a vault warden

Action                   |  1- 3 |  4- 6 |  7- 9 | 10-12 | 13-15 | 16-18 | 19-21 || total
-------------------------+-------+-------+-------+-------+-------+-------+-------++-------
Melee: Quarterstaff      |    69 |   300 |   462 |       |       |       |       ||   831
       Unarmed           |       |    16 |       |       |       |       |       ||    16
       Lajatang          |       |       |    60 |       |       |       |       ||    60
       Battleaxe         |       |       |    13 |   770 |  1145 |  1700 |   787 ||  4415
 Fire: Blowgun           |       |       |    23 |    27 |    13 |     1 |       ||    64
       Shortbow          |       |       |     1 |       |       |       |       ||     1
       Greatsling        |       |       |       |    57 |     2 |       |       ||    59
       Crossbow          |       |       |       |       |   299 |   374 |    88 ||   761
Throw: Stone             |    15 |    38 |    32 |       |       |       |       ||    85
       Tomahawk          |       |       |     3 |     2 |       |       |       ||     5
       Throwing net      |       |       |       |       |     1 |     1 |       ||     2
 Cast: Summon Small Mamm |       |       |       |       |     7 |     9 |       ||    16
       Animate Skeleton  |       |       |       |       |       |     2 |       ||     2
       Summon Butterflie |       |       |       |       |       |     1 |       ||     1
Invok: Heroism           |       |       |       |    13 |    16 |    17 |     7 ||    53
       Finesse           |       |       |       |       |     3 |     2 |     1 ||     6
Evoke: Wand              |       |     1 |     7 |    33 |    12 |    13 |     2 ||    68
       Rod               |       |       |       |       |     2 |       |       ||     2
       Fan of gales      |       |       |       |       |       |     2 |       ||     2
  Use: Scroll            |       |     8 |     7 |    10 |    11 |    12 |     9 ||    57
       Potion            |       |     5 |     4 |     1 |       |     3 |     8 ||    21
 Stab: Sleeping          |     1 |     2 |       |       |     1 |       |       ||     4
       Confused          |       |       |       |     2 |       |       |       ||     2
       Paralysed         |       |       |       |     2 |       |     1 |       ||     3
       Held in net/web   |       |       |       |       |     2 |     2 |       ||     4
       Distracted        |       |       |       |       |     2 |       |     3 ||     5
  Eat: Chunk             |     7 |    18 |    16 |    40 |    58 |    65 |    20 ||   224
       Royal jelly       |       |       |       |       |     2 |     1 |       ||     3
       Pizza             |       |       |       |       |     1 |     2 |     1 ||     4
       Fruit             |       |       |       |       |     4 |    12 |       ||    16
       Beef jerky        |       |       |       |       |       |     1 |       ||     1
       Meat ration       |       |       |       |       |       |     1 |     1 ||     2
       Bread ration      |       |       |       |       |       |     1 |       ||     1
